 Dungeon Crawl Stone Soup version 0.31-a0-1-g4198be8af4 (webtiles) character file.

Game seed: 10971627792914557194

142 retardedninja the Firebug (level 5, -3/37 HPs)
             Began as a Gnoll Fire Elementalist on May 1, 2023.
             Slain by a gnoll
             ... wielding a +0 whip
              (9 damage)
             ... on level 3 of the Dungeon.
             The game lasted 00:04:52 (3420 turns).

retardedninja the Firebug (Gnoll Fire Elementalist) Turns: 3420, Time: 00:04:53

Health: -3/37      AC:  2    Str:  7    XL:     5   Next: 24%
Magic:  8/12       EV: 13    Int: 17    God:
Gold:   195        SH:  0    Dex: 12    Spells: 11/14 levels left

rFire   . . .        c - +0 whip
rCold   . . .        (no shield)
rNeg    . . .        f - +0 robe
rPois   .            (no helmet)
rElec   .            (no cloak)
rCorr   .            (no gloves)
SInv    .            (no boots)
Will    .....        (no amulet)
Stlth   +++          (no ring)
HPRegen 0.26/turn    (no ring)
MPRegen 0.13/turn

%: no passive effects
@: no status effects
A: fangs 1, strong nose, distributed training
a: no special abilities


You were on level 3 of the Dungeon.
You visited 1 branch of the dungeon, and saw 3 of its levels.

You collected 195 gold pieces.

Inventory:

Hand Weapons
 c - a +0 whip (weapon)
Armour
 f - a +0 robe (worn)
 o - a +0 helmet
Jewellery
 e - a ring of ice
 g - a ring of willpower
Wands
 l - a wand of charming (9)
Scrolls
 a - 2 scrolls of teleportation {unknown}
 d - 3 scrolls of identify {unknown}
 h - a scroll of brand weapon {unknown}
 j - a scroll of torment {unknown}
 m - a scroll of fog {unknown}
Potions
 i - a potion of mutation {unknown}
 n - a potion of degeneration {unknown}


   Skills:
 + Level 1.4 Fighting
 + Level 1.4 Short Blades
 + Level 1.4 Long Blades
 + Level 1.4 Axes
 + Level 1.4 Maces & Flails
 + Level 1.4 Polearms
 + Level 1.4 Staves
 + Level 1.4 Ranged Weapons
 + Level 1.4 Throwing
 + Level 1.4 Armour
 + Level 4.8 Dodging
 + Level 4.4 Stealth
 + Level 1.4 Shields
 + Level 1.4 Unarmed Combat
 + Level 5.2 Spellcasting
 + Level 2.4 Conjurations
 + Level 1.1 Hexes
 + Level 1.1 Summonings
 + Level 1.1 Necromancy
 + Level 1.1 Translocations
 + Level 1.1 Transmutations
 + Level 5.5 Fire Magic
 + Level 1.1 Ice Magic
 + Level 1.1 Air Magic
 + Level 1.1 Earth Magic
 + Level 1.1 Poison Magic
 + Level 1.6 Invocations
 + Level 1.4 Evocations


You had 11 spell levels left.
You knew the following spells:

 Your Spells              Type           Power      Damage    Failure   Level
a - Foxfire               Conj/Fire      68%        2x1d7     2%          1
b - Scorch                Fire           46%        2d7       2%          2

Your spell library contained the following spells:

 Spells                   Type           Power      Damage    Failure   Level
 Magic Dart               Conj           48%        1d5       5%          1
 Apportation              Tloc           16%        N/A       9%          1
 Inner Flame              Hex/Fire       15%        N/A       11%         3
 Volatile Blastmotes      Fire/Tloc      30%        2d12      11%         3
 Call Imp                 Summ           16%        N/A       13%         2
 Mephitic Cloud           Conj/Pois/Air  9%         N/A       22%         3
 Flame Wave               Conj/Fire      17%        2d7       26%         4
 Alistair's Intoxication  Tmut/Pois      5%         N/A       94%         5
 Simulacrum               Ice/Necr       4%         N/A       100%        6
 Summon Cactus Giant      Summ           4%         N/A       100%        6
 Ozocubu's Refrigeration  Ice            4%         4d8       100%        7
 Polar Vortex             Ice            4%         N/A       100%        9


Dungeon Overview and Level Annotations

Branches:
Dungeon (3/15)

Altars:

Shops:
D:1 (


Innate Abilities, Weirdness & Mutations

You have very sharp teeth.
Your uncanny sense of smell can sniff out nearby items.
Your experience applies equally to all skills.


Message History

Aim: a gnoll, wielding a +0 club (heavily wounded, more vulnerable to fire, chance to affect: 62%)
The gnoll is charmed.
The gnoll hits your gnoll with a +0 whip.
The gnoll hits you with a +0 whip.
The gnoll hits your gnoll with a +0 whip!
Your gnoll dies!
The gnoll hits you with a +0 whip.
* * * LOW HITPOINT WARNING * * *
Things that are here:
a +0 club; a +0 animal skin; a +1 short sword of venom
Aiming: Charm
Press: ? - help, Q - select action, (/) - cycle Shift-Dir - straight line, f - gnoll
Aim: a gnoll, wielding a +0 whip (severely wounded, more vulnerable to fire, chance to affect: 62%)
The gnoll resists with significant effort.
The gnoll is no longer more vulnerable to fire.
The gnoll hits you with a +0 whip!
* * * LOW HITPOINT WARNING * * *
Casting: Scorch (safe; 2% risk of failure)
Confirm with . or Enter, or press ? or * to list all spells.
You don't know that spell.
It was a potion of curing.
You feel better. The gnoll barely misses you.
Casting: Scorch (safe; 2% risk of failure)
Confirm with . or Enter, or press ? or * to list all spells.
Flames lash the gnoll.
You kill the gnoll!
Unknown command.
Magic courses through your body. The gnoll hits you with a +0 whip.
* * * LOW HITPOINT WARNING * * *
Casting: Scorch (safe; 2% risk of failure)
Confirm with . or Enter, or press ? or * to list all spells.
Flames lash the gnoll.
The gnoll is moderately wounded.
The gnoll's fire resistance burns away.
The gnoll barely misses you.
Unknown command.
Casting: Scorch (safe; 2% risk of failure)
Confirm with . or Enter, or press ? or * to list all spells.
Flames lash the gnoll.
The gnoll is burned terribly!
The gnoll is severely wounded.
The gnoll hits you with a +0 whip!
You die...

.# .# .# .# .#
..#######.##
#......<#..##
########)...#
........@)..#
###..##g##......
# #.).#.##.##
.).....# .#
...#...#... .
.....##..#.....
.... .... ##.#
... .##. . ... .
.#


You could see a gnoll (combustible).

Vanquished Creatures
  Robin (D:3)
  2 gnolls (D:3)
  4 adders (D:2)
  4 bats
  4 endoplasms
  3 giant cockroaches
  19 goblins
  8 hobgoblins
  6 kobolds
  A quokka (D:1)
  5 ball pythons
  5 frilled lizards
  3 rats (D:1)
65 creatures vanquished.

Vanquished Creatures (others)
  A gnoll (D:3)
  208 foxfires
209 creatures vanquished.

Grand Total: 274 creatures vanquished

Notes
Turn   | Place    | Note
-------+----------+-------------------------------------------
     0 | D:1      | retardedninja the Gnoll Fire Elementalist began the quest
                  | for the Orb.
     0 | D:1      | Reached XP level 1. HP: 13/13 MP: 6/6
   311 | D:1      | Reached XP level 2. HP: 19/19 MP: 4/7
   487 | D:1      | Found Daiskappac's Weapon Boutique.
  1171 | D:1      | Reached skill level 5 in Spellcasting
  1171 | D:1      | Reached XP level 3. HP: 25/25 MP: 4/9
  1681 | D:2      | Reached skill level 1 in Invocations
  1740 | D:2      | Reached skill level 1 in Fighting
  1740 | D:2      | Reached skill level 1 in Short Blades
  1740 | D:2      | Reached skill level 1 in Long Blades
  1740 | D:2      | Reached skill level 1 in Axes
  1740 | D:2      | Reached skill level 1 in Maces & Flails
  1740 | D:2      | Reached skill level 1 in Polearms
  1740 | D:2      | Reached skill level 1 in Staves
  1740 | D:2      | Reached skill level 1 in Ranged Weapons
  1740 | D:2      | Reached skill level 1 in Throwing
  1740 | D:2      | Reached skill level 1 in Armour
  1740 | D:2      | Reached skill level 1 in Shields
  1740 | D:2      | Reached skill level 1 in Unarmed Combat
  1740 | D:2      | Reached skill level 1 in Evocations
  1835 | D:2      | Reached XP level 4. HP: 32/32 MP: 9/11
  1977 | D:2      | Identified the +7 ring mail "Ocsu" {Will+}
  2535 | D:2      | Reached skill level 1 in Hexes
  2535 | D:2      | Reached skill level 1 in Summonings
  2535 | D:2      | Reached skill level 1 in Necromancy
  2535 | D:2      | Reached skill level 1 in Translocations
  2535 | D:2      | Reached skill level 1 in Transmutations
  2535 | D:2      | Reached skill level 1 in Ice Magic
  2535 | D:2      | Reached skill level 1 in Air Magic
  2535 | D:2      | Reached skill level 1 in Earth Magic
  2535 | D:2      | Reached skill level 1 in Poison Magic
  2735 | D:2      | Learned a level 2 spell: Scorch
  2906 | D:3      | Noticed Robin
  2908 | D:3      | Killed Robin
  3097 | D:3      | Reached XP level 5. HP: 37/37 MP: 1/12
  3420 | D:3      | Slain by a gnoll

Illustrated notes

Levels and vault maps discovered:
D:1:      ebering_trefoil_3fold, layout_basic, serial_shops, shop, moated_statue
D:2:      cheibrodos_greedy_goblins, layout_basic, nicolae_half_adder
D:3:      layout_basic, grunt_qazlal_sundering, ebering_ghost_gozag,
          hangedman_decor_clover_reticule, uniq_robin

Skill      XL: |  1  2  3  4 |
---------------+-------------+-----
Conjurations   | 2 |  2.4
Spellcasting   | 5 |  5.2
Invocations    | 1 |  1.6
Fighting       | 1 |  1.4
Short Blades   | 1 |  1.4
Long Blades    | 1 |  1.4
Axes           | 1 |  1.4
Maces & Flails | 1 |  1.4
Polearms       | 1 |  1.4
Staves         | 1 |  1.4
Ranged Weapons | 1 |  1.4
Throwing       | 1 |  1.4
Armour         | 1 |  1.4
Shields        | 1 |  1.4
Unarmed Combat | 1 |  1.4
Evocations     | 1 |  1.4
Hexes          | 1 |  1.1
Summonings     | 1 |  1.1
Necromancy     | 1 |  1.1
Translocations | 1 |  1.1
Transmutations | 1 |  1.1
Ice Magic      | 1 |  1.1
Air Magic      | 1 |  1.1
Earth Magic    | 1 |  1.1
Poison Magic   | 1 |  1.1
Dodging        | |  4.8
Stealth        | |  4.4
Fire Magic     | |  5.5

Action                     |  1- 3 |  4- 6 || total
---------------------------+-------+-------++-------
  Melee: Whip              |    12 |    11 ||    23
         Punch             |     1 |     1 ||     2
         Bite              |     1 |       ||     1
   Cast: Foxfire           |    83 |    43 ||   126
         Scorch            |       |    21 ||    21
  Evoke: Wand              |       |     3 ||     3
    Use: Potion            |       |     2 ||     2
 Armour: Robe              |     9 |     6 ||    15
  Dodge: Dodged            |    24 |    20 ||    44

Table legend: (Time is in decaauts)
 A = Elapsed time spent in this place.
 B = Non-inter-level travel time spent in this place.
 C = Inter-level travel time spent in this place.
 D = Time resting spent in this place.
 E = Time spent auto-exploring this place.
 F = Levels seen in this place.
 G = Mean time per level.
                   A        B        C        D        E       F      G
               +--------+--------+--------+--------+--------+-----+--------+
         Total |   3424 |   3361 |     63 |    610 |   2176 |   3 | 1141.3 |
       Dungeon |   3424 |   3361 |     63 |    610 |   2176 |   3 | 1141.3 |
               +--------+--------+--------+--------+--------+-----+--------+

Top non-repeatable levels by time:
     D:2: 1880 daAuts
     D:1: 1491 daAuts
     D:3: 51 daAuts
